 Dungeon Crawl Stone Soup version 0.29-a0-330-g52719c12eb (webtiles) character file.

Game seed: 6735593118072170853

4550 tilp the Skirmisher (level 10, 0/79 HPs)
             Began as a Mummy Artificer on May 12, 2022.
             Was a Follower of Makhleb.
             Killed from afar by a steam dragon (25 damage)
             ... with a ball of steam
             ... on level 9 of the Dungeon.
             The game lasted 00:27:17 (12620 turns).

tilp the Skirmisher (Mummy Artificer)              Turns: 12620, Time: 00:27:18

Health: 0/79       AC: 18    Str: 26    XL:     10   Next: 17%
Magic:  12/12      EV: 13    Int: 17    God:    Makhleb [*.....]
Gold:   304        SH:  0    Dex: 15    Spells: 9/9 levels left

rFire   x . .      SeeInvis .   a - +3 war axe of Viriz {protect, rC+ Int+7}
rCold   + + .      Faith    .   (no shield)
rNeg    + + +      Spirit   .   z - +4 leather armour of Asaismum {+Blink Str+5 Dex+3}
rPois   ∞          Reflect  .   (no helmet)
rElec   .          Harm     .   (no cloak)
rCorr   .          Rampage  .   (no gloves)
Will    +....                   (no boots)
Stlth   ++........              (no amulet)
HPRegen 0.23/turn               C - +4 ring of protection
MPRegen 0.13/turn               (no ring)

@: under a protective aura
A: cold resistance 1, negative energy resistance 3, torment resistance 2, heat
vulnerability 1, in touch with death 1, no potions
a: Renounce Religion, Evoke Blink


You were on level 9 of the Dungeon.
You worshipped Makhleb.
Makhleb was aware of your devotion.
You visited 2 branches of the dungeon, and saw 10 of its levels.

You collected 521 gold pieces.
You spent 217 gold pieces at shops.

Inventory:

Hand Weapons
 a - the +3 war axe of Viriz (weapon) {protect, rC+ Int+7}
   (You bought it in a shop on level 3 of the Dungeon)

   It grants its wielder temporary protection when it strikes (+7 to AC).
   Int:       It affects your intelligence (+7).
   rC:        It protects you from cold.
 b - a +2 dagger of electrocution
 l - a +1 antimagic trident
 y - a +4 vorpal dire flail
 B - a +2 flail of protection
 F - a +1 antimagic mace
Missiles
 f - 202 stones
 j - 8 boomerangs
 p - 4 javelins
 r - 7 poisoned darts (quivered)
 D - 12 curare-tipped darts
Armour
 s - a +0 chain mail
 w - a +4 ring mail
 z - the +4 leather armour of Asaismum (worn) {+Blink Str+5 Dex+3}
   (You found it on level 5 of the Dungeon)

   Str:       It affects your strength (+5).
   Dex:       It affects your dexterity (+3).
   +Blink:    It lets you blink.
Jewellery
 C - a +4 ring of protection (left hand)
Wands
 c - a wand of flame (9)
 d - a wand of charming (3)
 e - a wand of iceblast (3)
 g - a wand of digging (8)
 o - a wand of acid (2)
 A - a wand of polymorph (28)
 G - a wand of paralysis (10)
Scrolls
 h - a scroll of vulnerability
 i - a scroll of magic mapping
 k - a scroll of blinking
 m - 4 scrolls of brand weapon
 n - a scroll of fog
 q - 2 scrolls of enchant armour
 t - a scroll of acquirement
 u - 4 scrolls of teleportation
 v - a scroll of holy word {unknown}
 x - a scroll of fear {unknown}
 E - a scroll of enchant weapon {unknown}


   Skills:
 + Level 7.4 Fighting
 - Level 2.0 Axes
 - Level 6.0 Throwing
 - Level 2.0 Armour
 - Level 4.0 Dodging
 - Level 4.0 Stealth
 + Level 3.8 Invocations
 - Level 6.0 Evocations


You had 9 spell levels left.
You didn't know any spells.
Your spell library contained the following spells:

 Spells                   Type           Power      Damage    Failure   Level
 Animate Skeleton         Necr           0%         N/A       26%         1
 Apportation              Tloc           0%         N/A       26%         1
 Summon Small Mammal      Summ           0%         N/A       26%         1
 Poisonous Vapours        Pois/Air       0%         N/A       36%         2
 Gell's Gravitas          Tloc           0%         N/A       61%         3
 Ignite Poison            Fire/Tmut/Pois 0%         N/A       61%         3
 Lesser Beckoning         Tloc           0%         N/A       61%         3
 Mephitic Cloud           Conj/Pois/Air  0%         N/A       61%         3
 Stone Arrow              Conj/Erth      0%         3d7       61%         3
 Teleport Other           Tloc           0%         N/A       61%         3
 Animate Armour           Summ/Erth      0%         N/A       95%         4
 Dispel Undead            Necr           0%         3d6       95%         4
 Agony                    Necr           0%         N/A       100%        5
 Freezing Cloud           Conj/Ice/Air   0%         6-21      100%        5
 Conjure Ball Lightning   Conj/Air       0%         3x3d6     100%        6
 Lehudib's Crystal Spear  Conj/Erth      0%         10d2      100%        8


Dungeon Overview and Level Annotations

Branches:
Dungeon (9/15)             Temple (1/1) D:5
   Lair: D:8-11         Orc: D:9-12

Altars:
Ashenzari
Cheibriados
Elyvilon
Fedhas
Gozag
Hepliaklqana
Kikubaaqudgha
Makhleb
Nemelex Xobeh
Okawaru
Qazlal
Sif Muna
Trog
Uskayaw
Wu Jian
Xom
Yredelemnul
Zin
The Shining One

Shops:
D:3 (:*(

Annotations:
D:9 Erica


Innate Abilities, Weirdness & Mutations

You are immune to poison.
Your flesh is cold resistant. (rC+)
You are immune to negative energy. (rN+++)
You are immune to unholy pain and torment.
You are vulnerable to heat. (rF-)
You are in touch with the powers of death.
You do not drink.


Message History

The steam dragon closely misses you. The steam dragon barely misses you.
Unknown command.
You barely miss the steam dragon.
The steam dragon is moderately wounded.
A nearby plant withers and dies.
The steam dragon bites you.
* * * LOW HITPOINT WARNING * * *
The steam dragon claws you but does no damage.
Unknown command.
The killer bee buzzes angrily.
You slash the steam dragon! Your punch misses the steam dragon.
The steam dragon is severely wounded.
A nearby plant withers and dies.
The steam dragon breathes steam at you.
The ball of steam hits you but does no damage.
Unknown command.
The steam dragon barely misses you.
The steam dragon claws you but does no damage.
Unknown command.
You hit the steam dragon but do no damage.
The steam dragon is severely wounded.
The killer bee stings you but does no damage.
The steam dragon bites you but does no damage.
The steam dragon barely misses you.
The killer bee stings you but does no damage.
The steam dragon barely misses you. The steam dragon misses you.
You closely miss the steam dragon.
The steam dragon is severely wounded.
You miss the killer bee.
A nearby plant withers and dies.
The killer bee completely misses you.
The killer bee stings you but does no damage.
The steam dragon bites you but does no damage.
The steam dragon closely misses you. The killer bee barely misses you.
You hit the steam dragon.
The steam dragon is severely wounded.
You miss the killer bee. The killer bee stings you.
* * * LOW HITPOINT WARNING * * *
The killer bee stings you but does no damage.
The steam dragon breathes steam at you. The ball of steam hits you!!
The steam scalds you terribly!
You die...

###################### .
......................
.........?..............
...#####....#...........
#.......†...#...........
............#...........
........D............##.
..........@..P.............
#............y.........#.....
.#....._.........§.........#.....
...PP......P...............#..##.
....PP..............P......#..##.
......P..............PP.P..#.....
...P..............._....PP.......
...P........................#####
.........P.....##..#.....#.......


You could see a steam dragon (catching breath) and a killer bee.

Vanquished Creatures
  A manticore (D:7)
  Grinder (D:5)
  Sigmund (D:3)
  4 yaks (D:9)
  Edmund (D:5)
  An acid dragon (D:9)
  An orc warrior (D:7)
  2 ice beasts
  A black bear (D:6)
  An ogre (D:5)
  3 centaurs
  4 bullfrogs
  3 wyvern zombies (D:8)
  A necrophage (D:2)
  4 scorpions
  15 killer bees
  3 howler monkeys
  3 centaur zombies (D:8)
  3 jellies
  2 hounds
  An orc priest (D:6)
  4 iguanas
  6 orc wizards
  Ijyb (D:5)
  2 killer bee zombies (D:8)
  A howler monkey zombie (D:8)
  3 gnolls (D:3)
  5 adders
  A shadow imp (D:7)
  An ufetubus (D:7)
  4 dart slugs
  27 orcs
  3 ball pythons
  8 endoplasms
  8 giant cockroaches
  3 goblins (D:3)
  7 hobgoblins
  A jackal (D:2)
  8 quokkas
  7 bats
  3 frilled lizards
  A kobold (D:1)
  8 rats
168 creatures vanquished.

Vanquished Creatures (collateral kills)
  A howler monkey (D:7)
  2 orc priests (D:7)
  An orc wizard (D:3)
  2 jackals (D:2)
6 creatures vanquished.

Vanquished Creatures (others)
  A killer bee (D:9)
  An orc wizard (D:6)
  2 orcs (D:4)
  A jackal (D:2)
  A fungus (D:3)
  67 plants
73 creatures vanquished.

Grand Total: 247 creatures vanquished

Notes
Turn   | Place    | Note
-------+----------+-------------------------------------------
     0 | D:1      | tilp the Mummy Artificer began the quest for the Orb.
     0 | D:1      | Reached XP level 1. HP: 15/15 MP: 1/1
   416 | D:1      | Reached XP level 2. HP: 21/21 MP: 2/2
   429 | D:1      | Reached skill level 1 in Stealth
   602 | D:1      | Reached skill level 1 in Dodging
   920 | D:1      | Reached skill level 1 in Throwing
   965 | D:1      | Gained mutation: You are in touch with the powers of death.
                  | [Mummy growth]
   965 | D:1      | Reached XP level 3. HP: 26/26 MP: 3/3
  1529 | D:2      | Identified the +2 robe of the Hanged Man {Harm rN+}
  1705 | D:2      | Reached XP level 4. HP: 12/33 MP: 4/4
  1708 | D:2      | Noticed a necrophage
  2705 | D:2      | Killed a necrophage
  2706 | D:2      | Reached skill level 2 in Fighting
  2706 | D:2      | Reached XP level 5. HP: 19/38 MP: 5/5
  3630 | D:3      | You fall into a shaft and drop 1 floor!
  3709 | D:3      | Noticed Sigmund
  3730 | D:3      | Killed Sigmund
  3731 | D:3      | Reached XP level 6. HP: 37/46 MP: 6/6
  3739 | D:3      | Found Uclunla's Antique Weapon Boutique.
  3847 | D:3      | Found Gafe's Book Shoppe.
  4224 | D:3      | Found Voqi's General Store.
  4290 | D:3      | Found Difuazxo's Weapon Boutique.
  4714 | D:3      | Found a faded altar of an unknown god.
  5113 | D:4      | Reached skill level 3 in Fighting
  5237 | D:4      | Reached XP level 7. HP: 44/53 MP: 7/7
  5331 | D:4      | Got Sif Muna's Almanac of Doomed Lightness
  5422 | D:4      | Reached skill level 4 in Fighting
  5967 | D:5      | Entered Level 5 of the Dungeon
  6057 | D:5      | Noticed Edmund
  6254 | D:5      | Noticed Ijyb
  6471 | D:5      | Killed Ijyb
  6897 | D:3      | Bought a fine war axe for 178 gold pieces
  6897 | D:3      | Identified the +3 war axe of Viriz {protect, rC+ Int+7}
                  | (You bought it in a shop on level 3 of the Dungeon)
  7143 | D:5      | Found a staircase to the Ecumenical Temple.
  7175 | Temple   | Entered the Ecumenical Temple
  7374 | Temple   | Became a worshipper of Makhleb the Destroyer
  7401 | D:5      | Killed Edmund
  7402 | D:5      | Reached XP level 8. HP: 61/61 MP: 8/8
  7426 | D:5      | Identified the +4 leather armour of Asaismum {+Blink Str+5
                  | Dex+3}
  7466 | D:5      | Noticed Grinder
  7481 | D:5      | Killed Grinder
  7627 | D:3      | Bought a scroll of teleportation for 39 gold pieces
  7693 | D:6      | Reached skill level 5 in Evocations
  8110 | D:6      | Reached skill level 5 in Fighting
  8884 | D:6      | Found an ornate altar of the Wu Jian Council.
  9253 | D:7      | Reached XP level 9. HP: 43/69 MP: 9/9
  9492 | D:7      | Reached skill level 6 in Fighting
  9813 | D:7      | Noticed a manticore
  9831 | D:7      | Killed a manticore
  9831 | D:7      | Reached * piety under Makhleb
  9832 | D:7      | Reached skill level 1 in Axes
  9832 | D:7      | Reached skill level 1 in Invocations
 10870 | D:8      | Reached skill level 5 in Throwing
 11263 | D:8      | Found a shimmering blue altar of Sif Muna.
 11534 | D:8      | Found a stormy altar of Qazlal.
 11578 | D:8      | Found a basalt altar of Yredelemnul.
 11946 | D:8      | Identified a scroll of acquirement
 11997 | D:9      | Found an iron altar of Okawaru.
 12012 | D:9      | Noticed Erica
 12048 | D:9      | Found a snail-covered altar of Cheibriados.
 12285 | D:9      | Reached skill level 7 in Fighting
 12285 | D:9      | Reached XP level 10. HP: 74/79 MP: 12/12
 12465 | D:9      | Found a broken altar of Ashenzari.
 12517 | D:9      | Found an ancient bone altar of Kikubaaqudgha.
 12620 | D:9      | Killed from afar by a steam dragon

Illustrated notes

Levels and vault maps discovered:
D:1:      spicycebolla_arrival_xxxplode, layout_rooms, minmay_worlds_worst_comb
D:2:      layout_basic
D:3:      layout_rooms, shapermc_ecumenical_altar_hornbeckon, serial_shops,
          nicolae_shop_bloodbath_and_beyond, nicolae_square_shop,
          nicolae_shop_waterfront, shop, serial_bayou_ford_a,
          lemuel_old_faithful, uniq_sigmund
D:4:      layout_gridville, lemuel_crystal_altar
D:5:      layout_cave_pools, temple_pool_b, uniq_edmund, uniq_grinder, uniq_ijyb
D:6:      layout_loops_cross, lemuel_crystal_altar
D:7:      layout_gridville
D:8:      layout_basic, nicolae_yredelemnul_corpse_copse,
          mainiacjoe_overflow_swirl, kennysheep_mini
D:9:      layout_stronghold, vehumet_statue,
          mainiacjoe_overflow_six_doors_small, mainiacjoe_overflow_alcove_4,
          mainiacjoe_overflow_24_doors, mainiacjoe_overflow_catch_the_wave,
          orc_0_dummy, uniq_erica
Temple:   chequers_temple_sunken

Skill      XL: |  1  2  3  4  5  6  7  8  9 10 |
---------------+-------------------------------+-----
Stealth        | 1 2 3 4 |  4.0
Dodging        | 1 2 3 4 |  4.0
Throwing       | 1 2 3 4 5 6 |  6.0
Armour         | 2 |  2.0
Fighting       | 2 3 4 5 7 |  7.4
Evocations     | 3 4 6 |  6.0
Axes           | 2 |  2.0
Invocations    | 3 |  3.8

Action                   |  1- 3 |  4- 6 |  7- 9 | 10-12 || total
-------------------------+-------+-------+-------+-------++-------
Melee: Club              |    54 |       |       |       ||    54
       Mace              |    68 |    89 |       |       ||   157
       Punch             |     1 |     2 |     1 |       ||     4
       Dagger            |       |    43 |    82 |       ||   125
       War axe           |       |       |   260 |    46 ||   306
Throw: Stone             |    20 |     5 |     5 |       ||    30
       Dart              |    11 |    13 |    57 |     2 ||    83
       Boomerang         |       |    10 |       |       ||    10
Evoke: Wand              |     2 |    12 |    23 |     2 ||    39
  Use: Scroll            |       |       |     9 |       ||     9
 Stab: Sleeping          |     4 |       |     3 |       ||     7
       Paralysed         |       |       |     3 |       ||     3
Armor: Leather armour    |    38 |       |   181 |    49 ||   268
       Ring mail         |    12 |    13 |       |       ||    25
       Scale mail        |       |    38 |     4 |       ||    42
       Chain mail        |       |       |    52 |       ||    52
Dodge: Dodged            |    84 |    83 |   308 |    65 ||   540

Table legend: (Time is in decaauts)
 A = Elapsed time spent in this place.
 B = Non-inter-level travel time spent in this place.
 C = Inter-level travel time spent in this place.
 D = Time resting spent in this place.
 E = Time spent auto-exploring this place.
 F = Levels seen in this place.
 G = Mean time per level.
                   A        B        C        D        E       F      G
               +--------+--------+--------+--------+--------+-----+--------+
         Total |  12898 |  12139 |    759 |   2774 |   6976 |  10 | 1289.8 |
       Dungeon |  12645 |  11896 |    749 |   2774 |   6747 |   9 | 1405.0 |
        Temple |    253 |    243 |     10 |      0 |    228 |   1 |  253.0 |
               +--------+--------+--------+--------+--------+-----+--------+

Top non-repeatable levels by time:
     D:2: 1889 daAuts
     D:8: 1753 daAuts
     D:3: 1745 daAuts
     D:4: 1429 daAuts
     D:1: 1370 daAuts
     D:5: 1360 daAuts
     D:6: 1343 daAuts
     D:7: 1094 daAuts
     D:9: 658 daAuts
  Temple: 253 daAuts
